AoeStats
← Javi Radical692

Black Forest

509732633Analyzed
4v4 RM · 4d ago on Sep 27, 2026· 70m 16s· 8 players
Game mode
Random Map
Map size
Large (8 player)
Population
200
Speed
Normal
Resources
Standard
Victory
Conquest
Starting age
Dark Age
Ending age
Imperial Age
RankedLock teamsTeams togetherTeam positionsShared explorationLock speedFull tech treeHidden civsTurbo modeCheats
Victory
Defeat
🇺🇸 Franks · United States
728
+15
🇲🇽 Britons · Mexico
726
+15
🇬🇧 Persians · United Kingdom
723
+15
🇫🇷 Bohemians · France
646
+19
🇺🇸 Huns · United States
718
-17
🇺🇸 Franks · United States
713
-16
🇨🇱 Britons · Chile
707
-16
🇵🇪 Koreans · Peru
688
-15
D3adFoxx
0:28 Loom
17:21 Feudal Age
22:46 Castle Age
21:01 Double-Bit Axe
22:57 Wheelbarrow
25:10 Bow Saw
25:19 Pikeman
32:27 Hand Cart
36:16 Husbandry
37:45 Gold Mining
37:45 Stone Mining
39:48 Forging
39:44 Scale Barding Armor
39:40 Scale Mail Armor
39:31 Fletching
43:14 Imperial Age
41:01 Gambesons
41:16 Squires
41:58 Fortified Wall
42:08 Ballistics
45:25 Iron Casting
44:46 Bodkin Arrow
Sensei
0:42 Loom
14:49 Feudal Age
15:55 Double-Bit Axe
18:12 Man-at-Arms
18:39 Arson
20:23 Town Watch
20:47 Horse Collar
21:33 Stone Mining
21:35 Gold Mining
22:39 Wheelbarrow
24:24 Forging
24:04 Fletching
24:15 Scale Mail Armor
24:20 Scale Barding Armor
30:48 Castle Age
34:18 Heavy Plow
34:44 Bow Saw
34:37 Caravan
35:09 Coinage
34:38 Bodkin Arrow
34:16 Long Swordsman
34:50 Light Cavalry
37:03 Gold Shaft Mining
37:07 Stone Shaft Mining
37:18 Fervor
37:09 Devotion
37:30 Sanctity
37:05 Herbal Medicine
38:22 Iron Casting
38:14 Ballistics
37:35 Treadmill Crane
37:39 Elite Skirmisher
38:55 Chain Barding Armor
39:37 Masonry
39:47 Husbandry
41:25 Chain Mail Armor
40:36 Pikeman
41:33 Siphons
44:09 Eupseong
44:25 Town Patrol
44:57 Squires
45:43 Hand Cart
46:22 Crossbowman
47:10 Thumb Ring
48:11 Murder Holes
48:27 Fortified Wall
48:07 Heated Shot
49:19 Careening
49:20 Clinker Construction
52:30 Imperial Age
53:43 Shinkichon
52:50 Heavy Rocket Cart
54:44 Chemistry
55:22 Two-Man Saw
53:56 Elite War Wagon
54:00 Halberdier
Just_wolfman_sd
6:17 Loom
15:35 Feudal Age
16:35 Horse Collar
16:44 Double-Bit Axe
20:30 Castle Age
24:02 Heavy Plow
24:15 Bow Saw
24:23 Forging
24:13 Scale Mail Armor
24:24 Scale Barding Armor
26:51 Iron Casting
26:36 Chain Barding Armor
27:44 Husbandry
27:55 Bloodlines
34:55 Wheelbarrow
36:54 Imperial Age
34:06 Light Cavalry
37:04 Hand Cart
37:12 Gold Mining
38:38 Blast Furnace
38:13 Plate Barding Armor
37:01 Cavalier
38:06 Conscription
37:26 Hussar
39:18 Two-Man Saw
38:08 Paladin
Javi Radical692
0:59 Loom
12:35 Feudal Age
13:08 Horse Collar
13:16 Double-Bit Axe
18:38 Wheelbarrow
20:42 Castle Age
19:08 Fletching
19:24 Stone Mining
20:24 Gold Mining
23:55 Wheelbarrow
23:55 Heavy Plow
24:46 Bow Saw
27:14 Town Watch
30:54 Gold Shaft Mining
30:49 Pikeman
32:31 Bodkin Arrow
33:14 Hand Cart
34:07 Murder Holes
36:50 Imperial Age
34:59 Yeomen
34:03 Pikeman
35:47 Ballistics
35:50 Padded Archer Armor
35:58 Squires
35:45 Arson
36:01 Treadmill Crane
36:27 Town Patrol
36:51 Leather Archer Armor
38:03 Caravan
38:37 Ring Archer Armor
38:08 Bracer
38:11 Scale Mail Armor
38:22 Forging
38:42 Conscription
40:32 Two-Man Saw
39:58 Halberdier
40:47 Elite Longbowman
42:50 Chemistry
44:08 Chain Mail Armor
44:59 Iron Casting
44:58 Siege Engineers
46:47 Plate Mail Armor
47:18 Blast Furnace
49:20 Onager
BOOSON 8
0:38 Loom
18:07 Feudal Age
22:32 Double-Bit Axe
22:30 Horse Collar
23:05 Gold Mining
24:03 Stone Mining
28:16 Castle Age
26:55 Wheelbarrow
29:08 Caravan
29:40 Coinage
32:08 Gold Shaft Mining
32:16 Heavy Plow
36:05 Hand Cart
38:30 Imperial Age
36:57 Bow Saw
40:39 Imperial Age
40:01 Forging
39:56 Scale Barding Armor
39:42 Fletching
39:52 Padded Archer Armor
39:52 Scale Mail Armor
40:17 Elite War Elephant
41:18 Conscription
41:42 Banking
41:34 Guilds
42:40 Chemistry
43:27 Pikeman
43:52 Gambesons
44:08 Squires
43:53 Arson
46:34 Iron Casting
46:19 Chain Barding Armor
45:55 Bodkin Arrow
46:15 Leather Archer Armor
46:15 Chain Mail Armor
48:02 Halberdier
50:53 Blast Furnace
50:28 Plate Barding Armor
50:24 Ring Archer Armor
53:43 Two-Man Saw
52:37 Guard Tower
52:43 Murder Holes
52:39 Heated Shot
53:00 Masonry
53:26 Plate Mail Armor
ganzo
1:04 Loom
14:32 Feudal Age
15:47 Wheelbarrow
15:10 Double-Bit Axe
19:11 Gold Mining
19:12 Stone Mining
19:06 Horse Collar
25:53 Castle Age
25:16 Fletching
25:27 Padded Archer Armor
27:43 Hand Cart
27:41 Bow Saw
27:33 Heavy Plow
28:12 Gold Shaft Mining
27:10 Elite Skirmisher
27:43 Pikeman
35:55 Imperial Age
34:42 Fortified Wall
36:05 Leather Archer Armor
35:45 Bodkin Arrow
36:02 Forging
39:34 Conscription
39:35 Yeomen
40:23 Elite Longbowman
41:24 Bracer
41:54 Ring Archer Armor
42:12 Ballistics
45:10 Iron Casting
51:50 Halberdier
52:30 Squires
54:15 Blast Furnace
53:15 Scale Mail Armor
53:05 Gambesons
65:20 Man-at-Arms
alexisben78
0:31 Loom
12:49 Feudal Age
13:17 Double-Bit Axe
14:33 Man-at-Arms
23:41 Castle Age
22:44 Fletching
23:57 Forging
24:48 Bow Saw
25:38 Pikeman
25:47 Crossbowman
29:02 Chemistry
28:46 Horse Collar
29:07 Long Swordsman
36:13 Imperial Age
35:17 Murder Holes
35:50 Bodkin Arrow
38:05 Elite Hussite Wagon
41:29 Two-Man Saw
40:40 Caravan
41:18 Ballistics
42:51 Houfnice
46:04 Halberdier
53:09 Bracer
53:10 Padded Archer Armor
63:34 Leather Archer Armor
63:56 Iron Casting
64:26 Husbandry
64:42 Fortified Wall
66:37 Squires
Scott
11:39 Feudal Age
21:37 Castle Age
21:37 Wheelbarrow
20:51 Double-Bit Axe
25:26 Gold Mining
25:58 Hand Cart
26:37 Bow Saw
32:00 Gold Shaft Mining
33:03 Forging
33:20 Scale Barding Armor
35:03 Caravan
42:24 Imperial Age
40:56 Chain Barding Armor
41:12 Iron Casting
40:48 Husbandry
42:42 Cavalier
44:10 Plate Barding Armor
44:36 Blast Furnace
45:24 Paladin
Connection lost

Rejoining the realm…

Still unreachable

The connection could not be restored.

Session expired

The server has moved on; the page needs a fresh start.